AoeStats
← 勇闯天涯

Arena

508796559Analyzed
2v2 RM · 8d ago on Sep 24, 2026· 23m 31s· 4 players
Game mode
Random Map
Map size
Medium (4 player)
Population
200
Speed
Normal
Resources
Standard
Victory
Conquest
Starting age
Dark Age
Ending age
Imperial Age
RankedLock teamsTeams togetherTeam positionsShared explorationLock speedFull tech treeHidden civsTurbo modeCheats
Victory
Defeat
🇺🇸 Malay · United States
1082
+13
🇺🇸 Danes · United States
1072
+14
🇺🇸 Hindustanis · United States
1028
-14
🇨🇳 Italians · China
1013
-13
Paperclip
10:49 Feudal Age
15:26 Castle Age
14:16 Double-Bit Axe
14:15 Horse Collar
16:10 Light Cavalry
18:36 Town Watch
19:31 Elite Skirmisher
勇闯天涯
10:18 Feudal Age
11:24 Double-Bit Axe
14:39 Castle Age
12:47 Horse Collar
15:51 Bow Saw
16:31 Gold Mining
23:16 Fortified Wall
Wallylee
8:51 Loom
10:36 Feudal Age
14:41 Castle Age
22:49 Double-Bit Axe
Scoobs (tcook)
9:21 Loom
11:07 Feudal Age
15:50 Castle Age
13:47 Double-Bit Axe
13:44 Horse Collar
Connection lost

Rejoining the realm…

Still unreachable

The connection could not be restored.

Session expired

The server has moved on; the page needs a fresh start.